 Dungeon Crawl Stone Soup version 0.30.0-11-gf55b779eaf (webtiles) character file.

Game seed: 8446142975319965440

429 gelatine the Stinger (level 6, -8/43 HPs)
             Began as a Demonspawn Venom Mage on May 16, 2023.
             Mangled by a worm (10 damage)
             ... while paralysed by Grinder
             ... on level 4 of the Dungeon.
             The game lasted 00:13:11 (4150 turns).

gelatine the Stinger (Demonspawn Venom Mage)        Turns: 4150, Time: 00:13:13

Health: -8/43      AC:  3    Str:  8    XL:     6   Next: 66%
Magic:  2/11       EV:  2    Int: 20    God:
Gold:   232        SH:  0    Dex: 14    Spells: 2/12 levels left

rFire   . . .        l - +0 short sword
rCold   . . .        (no shield)
rNeg    . . .        a - +0 robe
rPois   .            (no helmet)
rElec   .            (no cloak)
rCorr   .            p - +0 pair of gloves
SInv    +            (no boots)
Will    .....        d - amulet of reflection
Stlth   ++           k - ring of see invisible
HPRegen 0.27/turn    m - +5 ring of evasion
MPRegen 0.12/turn

%: reflection
@: paralysed, mighty, attractive
A: spiny 2, big brain 1, condensation shield
a: no special abilities


You were on level 4 of the Dungeon.
You visited 1 branch of the dungeon, and saw 4 of its levels.

You collected 232 gold pieces.

Inventory:

Hand Weapons
 l - a +0 short sword (weapon)
Armour
 a - a +0 robe (worn)
 p - a +0 pair of gloves (worn)
Jewellery
 c - an amulet of guardian spirit
 d - an amulet of reflection (around neck)
 k - a ring of see invisible (left hand)
 m - a +5 ring of evasion (right hand)
Scrolls
 e - 2 scrolls of poison {unknown}
 i - 2 scrolls of fear {unknown}
 j - 4 scrolls of identify {unknown}
 o - a scroll of blinking {unknown}
 q - a scroll of enchant weapon {unknown}
 r - a scroll of teleportation {unknown}
 s - a scroll of fog {unknown}
 t - a scroll of noise {unknown}
 u - a scroll of vulnerability {unknown}
Potions
 b - a potion of magic
 f - a potion of might
 n - a potion of haste


   Skills:
 * Level 1.4 Fighting
 * Level 2.3 Dodging
 * Level 2.7 Stealth
 * Level 0.5 Shields
 + Level 0.1 Unarmed Combat
 * Level 3.7 Spellcasting
 * Level 0.5 Conjurations
 * Level 3.0 Transmutations
 * Level 0.6 Air Magic
 * Level 4.2 Poison Magic


You had 2 spell levels left.
You knew the following spells:

 Your Spells              Type           Power      Damage    Failure   Level
a - Sting                 Tmut/Pois      72%        1d6       3%          1
b - Poisonous Vapours     Pois/Air       26%        N/A       8%          2
c - Mephitic Cloud        Conj/Pois/Air  11%        N/A       19%         3
d - Olgreb's Toxic Radia  Pois           20%        N/A       22%         4

Your spell library contained the following spells:

 Spells                   Type           Power      Damage    Failure   Level
 Momentum Strike          Conj/Tloc      8%         3d8       19%         2
 Blink                    Tloc           6%         N/A       21%         2
 Lesser Beckoning         Tloc           6%         N/A       21%         2
 Iskenderun's Battlesphe  Conj           6%         2d6       96%         5
 Iron Shot                Conj/Erth      2%         9d2       100%        6
 Spellforged Servitor     Conj/Summ      2%         N/A       100%        7


Dungeon Overview and Level Annotations

Branches:
Dungeon (4/15)
 Temple: D:4-7

Altars:

Annotations:
D:4 Grinder


Innate Abilities, Weirdness & Mutations

You are mostly covered in sharp spines.
You have an unusually large brain. (Int +2)
A meltable shield of frost defends you. (SH +4)


Message History

You feel very mighty all of a sudden. Grinder is struck by your spines.
Grinder hits you.
You writhe in agony.
l - a +0 short sword (weapon)
Grinder hits you but does no damage.
You puncture Grinder!
Grinder is severely wounded.
You block Grinder's attack.
You closely miss Grinder.
Grinder is severely wounded.
Grinder gestures at you. Pain shoots through your body!
* * * LOW HITPOINT WARNING * * *
Grinder hits you.
* * * LOW HITPOINT WARNING * * *
It was a potion of attraction.
You feel attractive to monsters.
Grinder blinks!
It was a potion of heal wounds.
You feel much better.
A worm comes into view.
The worm is attracted toward you.
You puncture the worm!
The worm is heavily wounded.
You barely miss Grinder.
Grinder is severely wounded.
Grinder says, "Just stop there for a second..."
Grinder gestures at you.
You suddenly lose the ability to move!
The worm is struck by your spines. The worm bites you!
Grinder is struck by your spines. Grinder hits you!
You writhe in agony.
Grinder gestures at you. You resist with significant effort.
Grinder hits you but does no damage. The worm bites you.
* * * LOW HITPOINT WARNING * * *
Grinder gestures at you. Pain shoots through your body!
* * * LOW HITPOINT WARNING * * *
Grinder hits you.
* * * LOW HITPOINT WARNING * * *
The worm bites you!
You die...

##............#<##
##.........#.##
###.....###.#
###### ##.# ##..##
##....#
##..#......
##.w##.......
#.@###.......
#.5## #.......
..... #.......
##.... .......
#..#. #.### .. #.


You could see Grinder (fast) and a worm.

Vanquished Creatures
  Sigmund (D:3)
  A black bear (D:4)
  A sleepcap (D:4)
  Natasha (D:4)
  An orc wizard (D:3)
  4 adders
  3 worms
  2 dart slugs
  7 orcs (D:3)
  6 bats
  3 endoplasms
  2 giant cockroaches
  3 goblins
  4 hobgoblins
  6 jackals
  A quokka (D:4)
  5 ball pythons
  3 frilled lizards
  8 kobolds
62 creatures vanquished.

Notes
Turn   | Place    | Note
-------+----------+-------------------------------------------
     0 | D:1      | gelatine the Demonspawn Venom Mage began the quest for the
                  | Orb.
     0 | D:1      | Reached XP level 1. HP: 13/13 MP: 3/3
   491 | D:1      | Gained mutation: You are partially covered in sharp spines.
                  | [demonic ancestry]
   491 | D:1      | Reached XP level 2. HP: 19/19 MP: 1/5
   737 | D:1      | Reached skill level 1 in Transmutations
  1286 | D:2      | Gained mutation: You are mostly covered in sharp spines.
                  | [demonic ancestry]
  1286 | D:2      | Reached XP level 3. HP: 25/25 MP: 1/6
  2336 | D:3      | Gained mutation: You have an unusually large brain. (Int
                  | +2) [demonic ancestry]
  2336 | D:3      | Reached XP level 4. HP: 30/31 MP: 4/7
  2886 | D:3      | Noticed Sigmund
  2891 | D:3      | Learned a level 2 spell: Poisonous Vapours
  2895 | D:3      | Learned a level 3 spell: Mephitic Cloud
  2940 | D:3      | Killed Sigmund
  2941 | D:3      | Reached skill level 1 in Fighting
  2941 | D:3      | Reached skill level 4 in Poison Magic
  2941 | D:3      | Gained mutation: A meltable shield of frost defends you.
                  | (SH +4) [demonic ancestry]
  2941 | D:3      | Reached XP level 5. HP: 23/37 MP: 0/10
  3272 | D:3      | Found a faded altar of an unknown god.
  3365 | D:3      | Reached XP level 6. HP: 40/43 MP: 5/11
  3982 | D:4      | Learned a level 4 spell: Olgreb's Toxic Radiance
  4115 | D:4      | Noticed Natasha
  4124 | D:4      | Killed Natasha
  4129 | D:4      | Noticed Grinder
  4147 | D:4      | Paralysed by Grinder for 4 turns
  4150 | D:4      | HP: 2/43 [Grinder (2)]
  4150 | D:4      | Mangled by a worm

Illustrated notes

Levels and vault maps discovered:
D:1:      spicycebolla_green_bress_n_ham_2, layout_basic
D:2:      layout_basic, grunt_ministairs_6, chequers_serial_rivers_room_a,
          minmay_pentomino_v2
D:3:      layout_loops_corners, ebering_ecumenical_altar_box, uniq_sigmund
D:4:      layout_cave_pods, minmay_temple_entry_sparse_star, kennysheep_dice,
          uniq_grinder, uniq_natasha

Skill      XL: |  1  2  3  4  5  6 |
---------------+-------------------+-----
Stealth        | 2 |  2.7
Transmutations | 1 2 3 |  3.0
Dodging        | 2 |  2.3
Fighting       | 1 |  1.4
Spellcasting   | 3 |  3.7
Poison Magic   | 4 |  4.2
Shields        | |  0.5
Unarmed Combat | |  0.1
Conjurations   | |  0.5
Air Magic      | |  0.6

Action                     |  1- 3 |  4- 6 || total
---------------------------+-------+-------++-------
  Melee: Unarmed           |    10 |    15 ||    25
         Club              |    10 |       ||    10
         Short sword       |     3 |     4 ||     7
         Punch             |       |     1 ||     1
   Cast: Sting             |    61 |    60 ||   121
         Mephitic Cloud    |       |     4 ||     4
         Poisonous Vapours |       |     3 ||     3
         Olgreb's Toxic Ra |       |     1 ||     1
    Use: Potion            |       |     3 ||     3
 Armour: Robe              |     4 |     7 ||    11
  Dodge: Dodged            |    33 |    18 ||    51
  Block: Other             |    12 |    14 ||    26
         Reflection        |     1 |     2 ||     3
